[Event "Late-Titled-Tuesday-Blitz-October-03-2023"]
[Site "Chess.com"]
[Date "2023.10.03"]
[Round "4"]
[White "HanSchut"]
[Black "josiur"]
[Result "1-0"]
[WhiteElo "2348"]
[BlackElo "2512"]
[TimeControl "180+1"]
[EndTime "14:38:35 PDT"]
[Termination "HanSchut won by resignation"]

1. e4 c6 2. d4 d5 3. exd5 cxd5 4. c4 Nf6 5. Nc3 Nc6 6. Nf3 Bg4 7. cxd5 Nxd5 8.
Qb3 Nb6 9. d5 Bxf3 10. gxf3 Nd4 11. Qd1 e5 12. dxe6 fxe6 13. Be3 e5 14. Bxd4 Qxd4 15. Bb5+ Nd7 16. Qxd4 exd4 17. O-O-O dxc3 18. Rhe1+ Kf7 19. Rxd7+ Kf6 20. bxc3 Ba3+ 21. Kc2 Rhd8 22. Rxb7 Rab8 23. Rxa7 Bc5 24. Ra6+ Kf5 25. a4 Bxf2 26.
Re4 Rbc8 27. Bd3 Rxd3 28. Kxd3 Bc5 29. Ra5 Kf6 30. Ra6+ Kf5 31. Ra5 Kf6 32. Rc4 Rd8+ 33. Kc2 Bd6 34. Rc6 Ke7 35. Ra7+ Ke6 36. Raa6 Kd5 37.
Rxd6+ Rxd6 38. Rxd6+ Kxd6 39. Kd3 Kc5 40. c4 g5 41. h3 h5 42. Ke4 Kb4 43. Kf5 Kxc4 44. Kxg5 h4 45. Kxh4 Kb4 46. Kg5 Kxa4 47. h4 Kb5 48. h5 Kc6 49. h6 1-0

[Event "Late-Titled-Tuesday-Blitz-October-03-2023"]
[Site "Chess.com"]
[Date "2023.10.03"]
[Round "4"]
[White "YellowJacek"]
[Black "dorpato"]
[Result "1-0"]
[WhiteElo "2294"]
[BlackElo "2032"]
[TimeControl "180+1"]
[EndTime "14:38:35 PDT"]
[Termination "YellowJacek won on time"]

1. e4 c5 2. Nf3 d6 3. d4 cxd4 4. Nxd4 Nf6 5. Nc3 a6 6. Bg5 e6 7. f4 Be7 8. Qf3 Qc7 9. O-O-O Nc6 10. Nxc6 bxc6 11. e5 Nd5 12. Bxe7 Qxe7 13. Ne4 dxe5 14. fxe5 O-O 15. c4 Nb4 16. a3 a5 17. axb4 axb4 18. Bd3 b3 19. Qg4 Kh8 20. Qh5 Qb4 21. Nc3 g6 22.
Qh4 Ba6 23. Rhf1 Rad8 24. Rf4 c5 25. Qh6 f5 26. exf6 Rf7 27. Qh4 Ra8 28. Rff1 Kg8 29. Be2 Bb7 30. Bd3 Bc6 31. Bb1 Bb7 32. Qf4 Ba6 33.
g4 Bxc4 34. g5 Ra1 35. Rf3 1-0

[Event "Late-Titled-Tuesday-Blitz-October-03-2023"]
[Site "Chess.com"]
[Date "2023.10.03"]
[Round "4"]
[White "Harsha_Bharathakoti"]
[Black "nihalsarin"]
[Result "0-1"]
[WhiteElo "2915"]
[BlackElo "3073"]
[TimeControl "180+1"]
[EndTime "14:38:36 PDT"]
[Termination "nihalsarin won on time"]

1. Nf3 a6 2. e4 c6 3. d4 d5 4.
Nc3 Bg4 5. h3 Bh5 6. Be2 e6 7.
O-O Nf6 8. e5 Nfd7 9. Ng5 Bg6 10.
Bd3 Be7 11. Bxg6 hxg6 12. Qg4 Nf8 13. Ne2 c5 14. c4 Nc6 15. Nf3 dxc4 16. dxc5 Qd3 17.
Nc3 Nd7 18. Qf4 Qf5 19. Qxc4 Rxh3 20. gxh3 Qxf3 21. Qg4 Ndxe5 22. Qxf3 Nxf3+ 23. Kg2 Nh4+ 24. Kh1 Bxc5 25. Ne4 Be7 26. Bf4 Nf5 27. Rfd1 f6 28. Rac1 e5 29. Be3 g5 30. a3 Nfd4 31. Bxd4 exd4 32.
Nc5 Bxc5 33. Rxc5 O-O-O 34. b4 Kc7 35. Kg2 Kb6 36. Kg3 a5 37. h4 axb4 38. axb4 gxh4+ 39. Kxh4 Nxb4 40. Rc4 Nc6 41. Rb1+ Kc7 42. Kg3 Rd5 43.
Kf4 b5 44. Rcc1 Kd6 45. Rg1 g5+ 46. Ke4 f5+ 0-1

[Event "Late-Titled-Tuesday-Blitz-October-03-2023"]
[Site "Chess.com"]
[Date "2023.10.03"]
[Round "4"]
[White "Ali_rastbod"]
[Black "jcibarra"]
[Result "0-1"]
[WhiteElo "2709"]
[BlackElo "2951"]
[TimeControl "180+1"]
[EndTime "14:38:36 PDT"]
[Termination "jcibarra won by resignation"]

1. d4 Nf6 2. c4 d6 3. Nc3 e5 4. d5 e4 5. Bg5 h6 6. Be3 Ng4 7. Bd4 e3 8. fxe3 c5 9. dxc6 Nxc6 10. Nf3 Be6 11. b3 Qa5 12. Qd2 Be7 13. h3 Nge5 14. Nd5 Bd8 15. Qxa5 Bxa5+ 16. Kf2 O-O 17. a3 Rfe8 18. g3 Nxf3 19. exf3 Bxd5 20. cxd5 Nxd4 21. exd4 Rac8 22. Bd3 Rc3 23. Rhd1 Rxb3 24. Ra2 Bb6 25. Bc4 Rc3 26. Bb5 Ree3 27. Be2 Rxa3 28. Rxa3 Rxa3 29. f4 Kf8 30. h4 Ke7 31. g4 Rb3 32. g5 a5 33. Bg4 a4 34. f5 hxg5 35. hxg5 a3 36. Kg2 a2 37. f6+ gxf6 38. Re1+ Kd8 39. gxf6 Bxd4 40. Re7 Bxf6 41. Rd7+ Ke8 42. Rxb7 Rxb7 0-1

[Event "Late-Titled-Tuesday-Blitz-October-03-2023"]
[Site "Chess.com"]
[Date "2023.10.03"]
[Round "4"]
[White "Ermito2020"]
[Black "GMForgacs"]
[Result "1-0"]
[WhiteElo "2623"]
[BlackElo "2446"]
[TimeControl "180+1"]
[EndTime "14:38:36 PDT"]
[Termination "Ermito2020 won by checkmate"]

1. e4 e5 2. Nf3 Nc6 3. Nc3 Nf6 4. h3 d5 5. exd5 Nxd5 6. Bb5 Nxc3 7. bxc3 Bd6 8. d4 exd4 9. O-O O-O 10. cxd4 Bf5 11. Rb1 Qf6 12. Bb2 Ne7 13. d5 Qh6 14. Bd3 Rad8 15.
c4 b6 16. Re1 Bxd3 17. Qxd3 Ng6 18. Nd4 Nf4 19. Qf3 Qg5 20. h4 Qxh4 21. g3 Qg5 22. Bc1 Qf6 23. Nc6 Nh3+ 24. Kg2 Qxf3+ 25. Kxf3 Rde8 26.
Rh1 Nxf2 27. Kxf2 Bc5+ 28. Kf3 f5 29. Bf4 Re4 30. Bxc7 Rfe8 31. Bf4 Rxc4 32. Rhe1 Rc3+ 33. Kg2 Rc2+ 34. Kh3 Rxe1 35. Rxe1 Rxa2 36. d6 Bxd6 37. Bxd6 a5 38. Re8+ Kf7 39. Re7+ Kf6 40. Be5+ Kg6 41. Rxg7+ Kh6 42. Ne7 Rf2 43. Ng8+ Kh5 44. Bf4 a4 45. Nf6# 1-0

[Event "Late-Titled-Tuesday-Blitz-October-03-2023"]
[Site "Chess.com"]
[Date "2023.10.03"]
[Round "4"]
[White "Truequitos"]
[Black "Macron20hTF1"]
[Result "1-0"]
[WhiteElo "2456"]
[BlackElo "2598"]
[TimeControl "180+1"]
[EndTime "14:38:37 PDT"]
[Termination "Truequitos won by checkmate"]

1. d4 c6 2. Nf3 d5 3. Bf4 Nf6 4.
e3 Bg4 5. c4 e6 6. Qb3 Bxf3 7.
Qxb7 Nbd7 8. gxf3 Nh5 9. Bc7 Bb4+ 10. Nd2 Qc8 11. Qxc8+ Rxc8 12. Bg3 c5 13. cxd5 cxd4 14. dxe6 fxe6 15. a3 Ba5 16. b4 dxe3 17. fxe3 Nxg3 18.
hxg3 Bc7 19. Kf2 Ne5 20. Bb5+ Ke7 21. Kg2 Bb6 22. Ba4 Bxe3 23. Ne4 h6 24. Rae1 Bd4 25.
Nc5 g5 26. Bb3 Rc6 27. Nxe6 Bc3 28. Re3 Kf6 29. Rc1 Rhc8 30. Rd1 Ng6 31. Nc5 Bb2 32. Ne4+ Kg7 33. Nd6 R8c7 34. Ne8+ Kf8 35. Nxc7 Rxc7 36. Rd8+ Kg7 37. Rg8+ Kf6 38. Re6+ Kf5 39. Rgxg6 Rc1 40.
Rxh6 Bd4 41. g4+ Kf4 42. Rhf6+ Bxf6 43. Rxf6+ Ke3 44. Re6+ Kf4 45. Re4# 1-0

[Event "Late-Titled-Tuesday-Blitz-October-03-2023"]
[Site "Chess.com"]
[Date "2023.10.03"]
[Round "4"]
[White "queen_iryna"]
[Black "Yushko_Olga"]
[Result "1-0"]
[WhiteElo "2363"]
[BlackElo "2101"]
[TimeControl "180+1"]
[EndTime "14:38:38 PDT"]
[Termination "queen_iryna won by resignation"]

1. e4 e6 2. d4 d5 3. Nc3 Nf6 4. Bg5 dxe4 5. Nxe4 Be7 6. Bxf6 Bxf6 7. Nf3 O-O 8. c3 Nd7 9. Bd3 Be7 10. Qc2 h6 11. h4 c5 12. Neg5 cxd4 13. Bh7+ Kh8 14.
Bg8 d3 15. Qxd3 Nf6 16. Qxd8 Bxd8 17. Bxf7 Bc7 18. Bg6 Bd7 19. Nf7+ Kg8 20. N7e5 Bb5 21. c4 Be8 22. h5 Bxg6 23. Nxg6 Rfd8 24. Rd1 Ba5+ 25.
Ke2 Rxd1 26. Rxd1 Nxh5 27. Rd7 Kh7 28. Nfe5 Rf8 29. g3 Bb6 30. f4 Nxg3+ 31. Kf3 Nf5 32. Rc7 Nd4+ 33. Ke4 Nc6 34. Rxb7 Nxe5 35. Nxe5 Ba5 36.
Rxa7 Bd2 37. Nd3 Rd8 38. a4 Rb8 39. a5 Rf8 40. a6 h5 41. Rb7 Ra8 42. a7 h4 43. b4 h3 44. Nf2 h2 45. b5 Be1 46.
Nh1 Ba5 47. b6 Bxb6 48. Rxb6 Rxa7 49. Rb2 Ra4 50. Rxh2+ Kg6 51. Rc2 Ra1 52. Nf2 Re1+ 53. Kd4 Kf5 54. c5 Ra1 55. Nd3 Ra4+ 56. Rc4 Ra7 57. c6 Rc7 58. Kc5 g5 59. fxg5 e5 60.
Kd6 Rc8 61. c7 e4 62. Ne1 e3 63. Kd7 Rh8 64. c8=Q Rxc8 65. Kxc8 Kxg5 66. Re4 1-0

[Event "Late-Titled-Tuesday-Blitz-October-03-2023"]
[Site "Chess.com"]
[Date "2023.10.03"]
[Round "4"]
[White "IPAchess"]
[Black "AlivodicDario"]
[Result "1-0"]
[WhiteElo "2332"]
[BlackElo "2477"]
[TimeControl "180+1"]
[EndTime "14:38:39 PDT"]
[Termination "IPAchess won by checkmate"]

1. d4 d5 2. c4 e6 3. Nf3 c6 4. Nc3 dxc4 5. a4 Bb4 6. g3 b5 7. Bg2 Nd7 8. O-O Bb7 9. Nd2 Qb6 10. Nde4 Ngf6 11. Bg5 Be7 12. b3 b4 13. a5 Qa6 14.
Na4 Nxe4 15. Bxe7 Kxe7 16. Bxe4 c5 17. Bxb7 Qxb7 18. bxc4 Rhc8 19. dxc5 Nxc5 20. Nxc5 Rxc5 21. Qd4 Rac8 22. Qxg7 Rxc4 23. Rfd1 b3 24. Rab1 Rc2 25. a6 Qb6 26. Qg5+ Kf8 27. Qh6+ Kg8 28. Qg5+ Kf8 29. Qf6 Rxe2 30. Rf1 b2 31. Qh6+ Ke8 32. Qxh7 Rcc2 33.
Qh8+ Ke7 34. Qh4+ Kf8 35. Qh8+ Ke7 36. Qh4+ Kd7 37. Qf4 Qc5 38. Rbd1+ Ke7 39. Qh4+ Ke8 40. Rd8# 1-0

[Event "Late-Titled-Tuesday-Blitz-October-03-2023"]
[Site "Chess.com"]
[Date "2023.10.03"]
[Round "4"]
[White "The_Princess_Moon"]
[Black "Pomberito2"]
[Result "0-1"]
[WhiteElo "2294"]
[BlackElo "2474"]
[TimeControl "180+1"]
[EndTime "14:38:39 PDT"]
[Termination "Pomberito2 won by checkmate"]

1. e4 e6 2. Nf3 c5 3. c3 d5 4.
e5 Nc6 5. Bb5 Qb6 6. Bxc6+ bxc6 7. d4 Ba6 8. a3 cxd4 9. Nxd4 Ne7 10. Qa4 Rc8 11. Be3 Qb7 12. Nd2 Ng6 13. f4 Be7 14.
b4 O-O 15. Kf2 c5 16. N4f3 d4 17. cxd4 cxd4 18. Nxd4 Rfd8 19. N2f3 Bd3 20. Rhd1 Be4 21. Rac1 Bxf3 22. gxf3 Rxc1 23. Bxc1 Nh4 24. Nc6 Rxd1 25. Nxe7+ Qxe7 26. Qxd1 h5 27. Be3 Nf5 28. Qd3 Qh4+ 29. Kg2 Qe7 30. Bf2 h4 31. Qa6 Qd7 32. Qxa7 Qd3 33.
Qa8+ Kh7 34. Qe4 Qxa3 35. b5 Qb3 36. b6 Qd1 37. b7 h3+ 38. Kxh3 Qf1+ 39. Kg4 Qxf2 40.
b8=Q Qh4# 0-1

[Event "Late-Titled-Tuesday-Blitz-October-03-2023"]
[Site "Chess.com"]
[Date "2023.10.03"]
[Round "4"]
[White "NovikovaGalina"]
[Black "talaicito"]
[Result "0-1"]
[WhiteElo "2431"]
[BlackElo "2183"]
[TimeControl "180+1"]
[EndTime "14:38:39 PDT"]
[Termination "talaicito won by resignation"]

1. e4 c5 2. Nf3 d6 3. d4 cxd4 4. Nxd4 Nf6 5. Nc3 g6 6. Be3 Bg7 7. f3 O-O 8. Qd2 Nc6 9. g4 h5 10. gxh5 Nxh5 11. O-O-O Bd7 12. Nb3 Ne5 13. Be2 Rc8 14.
Bh6 Nc4 15. Bxc4 Rxc4 16. Bxg7 Kxg7 17. f4 Qc8 18. f5 Nf6 19. Rde1 b5 20. fxg6 fxg6 21.
e5 dxe5 22. Rxe5 Rf7 23. Rhe1 b4 24. Nd5 Nxd5 25. Rxd5 Bf5 26. Nd4 e6 27. Nxf5+ exf5 28. Rd4 Rfc7 29. Rxc4 Rxc4 30. Kb1 Qc7 31. Qg5 Re4 32.
Rg1 Qd6 33. h4 Qf6 34. Qd2 Rxh4 35. b3 a5 36. Qd7+ Kh6 37. Qe8 f4 38. Qe4 f3 39.
Rf1 Rxe4 40. Rh1+ Kg7 0-1

[Event "Late-Titled-Tuesday-Blitz-October-03-2023"]
[Site "Chess.com"]
[Date "2023.10.03"]
[Round "4"]
[White "Brown_Mamba24"]
[Black "i_like_explosions"]
[Result "1-0"]
[WhiteElo "2660"]
[BlackElo "2380"]
[TimeControl "180+1"]
[EndTime "14:38:40 PDT"]
[Termination "Brown_Mamba24 won by checkmate"]

1. d4 Nf6 2. c4 g6 3. Nc3 Bg7 4. e4 d6 5. Be2 O-O 6. Be3 Nbd7 7. g4 e5 8. d5 a5 9. h4 Nc5 10. Bf3 c6 11. g5 Ne8 12. dxc6 Qb6 13. Nd5 Qxb2 14.
Bxc5 dxc5 15. Rb1 Qxa2 16. cxb7 Bxb7 17. Rxb7 Nd6 18. Ne7+ Kh8 19. Qxd6 Rfd8 20. Rd7 Rxd7 21. Qxd7 Qb1+ 22. Qd1 Qb4+ 23. Kf1 a4 24. Kg2 a3 25.
Ne2 a2 26. Qd5 Rf8 27. h5 gxh5 28. Ng3 h4 29. Qd1 Re8 30. Ngf5 Qxc4 31. Rxh4 Qe6 32. Nxg7 Kxg7 33. Nf5+ Kg8 34. Rh6 Qc4 35. Rf6 Ra8 36.
Nh6+ Kg7 37. Nf5+ Kg8 38. Qa1 Qb3 39. Rh6 Qb1 40. Rh1 Qb3 41. Qxe5 Kf8 42. Qh8# 1-0

[Event "Late-Titled-Tuesday-Blitz-October-03-2023"]
[Site "Chess.com"]
[Date "2023.10.03"]
[Round "4"]
[White "vladislavkovalev"]
[Black "OparinGrigoriy"]
[Result "0-1"]
[WhiteElo "2875"]
[BlackElo "3003"]
[TimeControl "180+1"]
[EndTime "14:38:41 PDT"]
[Termination "OparinGrigoriy won by resignation"]

1. e4 c5 2. Nf3 Nc6 3. Nc3 g6 4. d4 cxd4 5. Nxd4 Bg7 6. Be3 Nf6 7.
Bc4 O-O 8. Bb3 d6 9. f3 Bd7 10. Qd2 Nxd4 11. Bxd4 b5 12. O-O Qc7 13. Rfe1 a5 14. a4 bxa4 15. Bxa4 Bxa4 16. Rxa4 Rfb8 17. b3 Rb4 18. Qd3 Rc8 19. Bxf6 Bxf6 20. Nd5 Qc5+ 21. Kf1 Rxa4 22. bxa4 Qxc2 23. Qxc2 Rxc2 24. Nxf6+ exf6 25. Rd1 Rc4 26. Rxd6 Kg7 27. Ra6 Rxa4 28. Kf2 g5 29.
g4 Ra1 30. Kg3 a4 31. h4 gxh4+ 32. Kxh4 a3 33. Kg3 a2 34. Kf4 Kf8 35. Ra7 Ke8 36. Ra6 Kd7 37. Ra7+ Kc6 38. Ra6+ Kb5 39. Ra8 Kc4 40. Ra7 Kd3 41. Ra3+ Kc2 42. Ra7 h6 43. Ra6 Kb3 44. Rb6+ Kc4 45. Ra6 Kd3 46. Ra3+ Ke2 47. Kf5 Rf1 48. Rxa2+ Kxf3 49. Kxf6 Kxg4+ 50. Ke5 h5 51. Rg2+ Kh3 52. Rg7 h4 53. Kd6 Kh2 54. e5 h3 55. Ke7 Rf5 56. Kd6 Kh1 57. Rh7 h2 58.
Rg7 Rf2 59. Ke7 Rf3 60. Kd6 Re3 61. Rxf7 Kg2 62. Rg7+ Rg3 63. Rh7 Rh3 64. Rg7+ Kf2 65. Rf7+ Ke2 66. e6 h1=Q 67. e7 Rh6+ 68. Kc7 Qc6+ 0-1

[Event "Late-Titled-Tuesday-Blitz-October-03-2023"]
[Site "Chess.com"]
[Date "2023.10.03"]
[Round "4"]
[White "tdf98pantani"]
[Black "zverr1"]
[Result "1/2-1/2"]
[WhiteElo "2686"]
[BlackElo "2529"]
[TimeControl "180+1"]
[EndTime "14:38:41 PDT"]
[Termination "Game drawn by repetition"]

1. e4 c5 2. Nf3 g6 3. Bc4 Bg7 4. c3 Nc6 5. O-O d6 6. d4 cxd4 7. cxd4 Nf6 8. Nc3 O-O 9. d5 Nb8 10. h3 Nfd7 11. Bf4 Nb6 12. Bb3 N8d7 13. Qd2 Nc5 14.
Bh6 Nxb3 15. axb3 e6 16. Bxg7 Kxg7 17. dxe6 Bxe6 18. Nd4 Qf6 19. f4 Bd7 20. Rad1 Rad8 21. Nc2 Bc6 22. Nb4 Kh8 23. Qd4 Qxd4+ 24. Rxd4 a5 25.
Nxc6 bxc6 26. Rfd1 d5 27. exd5 Nxd5 28. Nxd5 cxd5 29. Rxd5 Rxd5 30. Rxd5 Rb8 31. Rd3 Rb4 32. f5 Kg7 33. fxg6 hxg6 34. Kf2 a4 35. bxa4 Rxb2+ 36. Kf3 Ra2 37. Rd4 Kf6 38. g4 Kg5 39. Rb4 Ra3+ 40.
Kg2 Ra2+ 41. Kg3 Ra3+ 42. Kg2 Ra2+ 43. Kg3 Ra3+ 44. Kg2 1/2-1/2

[Event "Late-Titled-Tuesday-Blitz-October-03-2023"]
[Site "Chess.com"]
[Date "2023.10.03"]
[Round "4"]
[White "BardArtem"]
[Black "GoldenShare"]
[Result "0-1"]
[WhiteElo "2774"]
[BlackElo "2569"]
[TimeControl "180+1"]
[EndTime "14:38:44 PDT"]
[Termination "GoldenShare won on time"]

1. e4 e6 2. d4 d5 3. Nc3 Nc6 4. Be3 Bb4 5. e5 Nge7 6. Bd3 b6 7. Ne2 Nf5 8. Bxf5 exf5 9. a3 Bxc3+ 10. Nxc3 Be6 11.
Qf3 Ne7 12. h4 Rc8 13. h5 Qd7 14. O-O-O c5 15. h6 g6 16. Bg5 c4 17. Bxe7 Kxe7 18. Qg3 Kd8 19. Qg5+ Kc7 20. Ne2 Kb7 21. Rh3 b5 22. Kd2 Rhe8 23. c3 a5 24. Nf4 Ka6 25. Ra1 Kb6 26. Qf6 Ra8 27. Rhh1 Kb7 28. Qg7 Rh8 29. Nh3 b4 30. Ng5 Qe7 31. Qf6 Qd7 32.
Qg7 Qe7 33. Nxh7 Rxh7 34. Qxh7 Qg5+ 35. Ke1 Qxg2 36. Rf1 Qe4+ 37. Kd2 Qd3+ 38. Ke1 bxc3 39. bxc3 Qxc3+ 40. Ke2 Qd3+ 41. Ke1 Qxd4 42. Rb1+ Kc6 43. Qg7 c3 0-1

[Event "Late-Titled-Tuesday-Blitz-October-03-2023"]
[Site "Chess.com"]
[Date "2023.10.03"]
[Round "4"]
[White "Battever"]
[Black "Sanyura"]
[Result "0-1"]
[WhiteElo "2513"]
[BlackElo "2667"]
[TimeControl "180+1"]
[EndTime "14:38:45 PDT"]
[Termination "Sanyura won on time"]

1. Nf3 d5 2. d4 c6 3. Bg5 Nf6 4. Nbd2 g6 5. Bxf6 exf6 6. e4 dxe4 7. Nxe4 f5 8. Neg5 h6 9. Nh3 Bg7 10. Bc4 O-O 11. O-O Nd7 12. Nf4 Kh7 13. Re1 Nb6 14.
Bb3 Nd5 15. Nxd5 cxd5 16. c3 Be6 17. Ne5 b5 18. Qd3 Qb6 19. a3 a5 20. h4 h5 21. Nf3 Bf6 22. Rac1 Rab8 23. Ne5 b4 24. cxb4 axb4 25. a4 Rbc8 26. Nf3 Kg7 27. g3 f4 28. Kg2 Bf5 29. Qd2 fxg3 30. Kxg3 Be4 31. Ng5 Rxc1 32. Rxc1 Bxd4 33. Nxe4 dxe4 34. Kg2 e3 35. Qe2 exf2 36. Rd1 Qf6 37. Rf1 Rd8 38. Qf3 Qxh4 39.
Qxf7+ Kh6 40. Qf3 Qg5+ 41. Kh1 Be5 0-1

[Event "Late-Titled-Tuesday-Blitz-October-03-2023"]
[Site "Chess.com"]
[Date "2023.10.03"]
[Round "4"]
[White "Msb2"]
[Black "Denis_Makhnyov"]
[Result "0-1"]
[WhiteElo "3059"]
[BlackElo "2933"]
[TimeControl "180+1"]
[EndTime "14:38:46 PDT"]
[Termination "Denis_Makhnyov won by checkmate"]

1. d4 d5 2. c4 e6 3. Nc3 c6 4. Nf3 dxc4 5. e4 b5 6. Qc2 Nf6 7. Be2 Bb7 8. O-O Be7 9. Rb1 Nbd7 10. b3 cxb3 11. Rxb3 a6 12. e5 Nd5 13. Nxd5 cxd5 14. Qd2 b4 15. Qf4 a5 16. Qg4 g6 17. Ng5 Ba6 18.
Bxa6 Rxa6 19. Rf3 Bxg5 20. Bxg5 Qc7 21. Qf4 Nb6 22. Bf6 Rf8 23. Bg7 h5 24. Bxf8 Kxf8 25. Qh6+ Kg8 26. g4 hxg4 27. Rg3 Qd8 28. Rxg4 Qf8 29. Qh3 Nc4 30. f4 a4 31. f5 exf5 32.
Rxf5 b3 33. Rh4 Qg7 34. Rf3 Ra8 35. axb3 a3 36. bxc4 a2 37. Rf1 a1=Q 38. Rxa1 Rxa1+ 39. Kf2 Ra2+ 40. Ke3 Ra3+ 41. Kd2 Rxh3 42. Rxh3 dxc4 43. Kc3 Qf8 44. Rg3 Qa3+ 45. Kxc4 Qa2+ 46. Kc5 Qxh2 47. Rc3 Qf2 48. Rc4 g5 49. Kc6 g4 50. d5 Qf3 51.
Kc5 g3 52. d6 g2 53. d7 g1=Q+ 54. Kb5 Qd3 55. d8=Q+ Qxd8 56. Rg4+ Qxg4 57. e6 Qxe6 58.
Ka4 Qd4+ 59. Ka3 Qee3+ 60. Ka2 Qdd2+ 61. Kb1 Qee1# 0-1

[Event "Late-Titled-Tuesday-Blitz-October-03-2023"]
[Site "Chess.com"]
[Date "2023.10.03"]
[Round "4"]
[White "HajiyevKanan"]
[Black "GMG"]
[Result "0-1"]
[WhiteElo "2544"]
[BlackElo "2753"]
[TimeControl "180+1"]
[EndTime "14:38:46 PDT"]
[Termination "GMG won by resignation"]

1. d4 f5 2. Nf3 Nf6 3. h3 e6 4. Bg5 Be7 5. e3 Ne4 6. Bxe7 Qxe7 7. Nbd2 d5 8. c4 Nd7 9. Bd3 O-O 10. O-O c6 11.
Re1 a5 12. Qc2 Rf6 13. Ne5 Nxe5 14. dxe5 Rg6 15. f3 Ng3 16. Nf1 Qh4 17. Qf2 Bd7 18. f4 c5 19. cxd5 exd5 20. b3 b6 21. Kh2 Nxf1+ 22.
Rxf1 Qxf2 23. Rxf2 a4 24. b4 c4 25. Bc2 Rc6 26.
a3 Be6 27. Rd1 b5 28. g4 g6 29. Kg3 Rd8 30. Rd4 Rc7 31. Kf3 Rf7 32. Rg2 Kf8 33. g5 Kg7 34. h4 h5 35. Rd1 d4 36. exd4 Bd5+ 37. Kg3 Bxg2 38. Kxg2 Rfd7 39. e6 Rxd4 40. e7 Rxd1 41. Bxd1 Rd2+ 42. Kf3 Kf7 43. Be2 Ra2 44.
Bxc4+ bxc4 45. b5 Rxa3+ 46. Ke2 Rb3 0-1

[Event "Late-Titled-Tuesday-Blitz-October-03-2023"]
[Site "Chess.com"]
[Date "2023.10.03"]
[Round "4"]
[White "PapaieDudu"]
[Black "filipluczak05"]
[Result "0-1"]
[WhiteElo "2391"]
[BlackElo "2606"]
[TimeControl "180+1"]
[EndTime "14:38:46 PDT"]
[Termination "filipluczak05 won by checkmate"]

1. e4 g6 2. d4 Bg7 3. c4 d6 4. Nc3 e5 5. Nf3 Nc6 6. Be3 Bg4 7. d5 Nce7 8. Be2 h5 9. h3 Bxf3 10. Bxf3 Bh6 11. Qb3 Bxe3 12. fxe3 b6 13. Qa4+ Kf8 14.
O-O Kg7 15. b4 a5 16. Qb3 axb4 17. Qxb4 Nf6 18. a4 Ra5 19. Na2 Nd7 20. Bd1 Nc5 21. Bc2 Rf8 22. Nc3 Qd7 23. Nb5 Ng8 24. Qd2 Nh6 25.
Qf2 Rfa8 26. Nc3 Rf8 27. Qf6+ Kh7 28. Nb5 Ng8 29. Qf3 Kg7 30. Rf2 Raa8 31. Rff1 Qe7 32. Qf2 Nf6 33. Qf3 Nh7 34. Qg3 Na6 35. a5 Nb4 36. Bb3 bxa5 37. Rfd1 Ng5 38. Qh4 Nf3+ 39. gxf3 Qxh4 40. Kg2 Qe7 41. Rd2 f5 42. exf5 Rxf5 43. c5 Raf8 44. Rf2 Qg5+ 45. Kf1 Rxf3 46. Re1 Rxf2# 0-1

[Event "Late-Titled-Tuesday-Blitz-October-03-2023"]
[Site "Chess.com"]
[Date "2023.10.03"]
[Round "4"]
[White "GMJustin"]
[Black "GlavkonVVS"]
[Result "0-1"]
[WhiteElo "2195"]
[BlackElo "2588"]
[TimeControl "180+1"]
[EndTime "14:38:46 PDT"]
[Termination "GlavkonVVS won on time"]

1. d4 Nf6 2. c4 e6 3. Nf3 c5 4. d5 exd5 5. cxd5 Bd6 6. Bg5 Bc7 7. d6 Ba5+ 8. Nc3 Qb6 9. Bxf6 Qxb2 10. Bxg7 Rg8 11. Rb1 Bxc3+ 12. Bxc3 Qxc3+ 13. Qd2 Qxd2+ 14. Kxd2 Rg6 15. e4 Rxd6+ 16. Ke3 Nc6 17. Bc4 Rg6 18.
g3 d6 19. Rhd1 Nb4 20. e5 Bf5 21. Rb2 d5 22. Bxd5 Nxd5+ 23. Rxd5 b6 24. Nh4 Be6 25. Rd6 Rg8 26. f4 Rd8 27. f5 Rxd6 28. exd6 Bd7 29. Kf4 Kd8 30. Nf3 f6 31. g4 Bc6 32. Re2 Rg7 33.
Re6 Rf7 34. h4 Bd5 35. Re2 Kd7 36. g5 Kxd6 37. g6 Rg7 38. h5 h6 39. Nd2 b5 40.
Ne4+ Bxe4 41. Rxe4 c4 42. Re6+ Kc5 43. Rxf6 c3 44.
Rf8 Rc7 45. Re8 c2 46. Re1 Kd4 47. f6 c1=Q+ 48. Rxc1 Rxc1 49. g7 Rg1 50. f7 Rxg7 51. f8=Q Rd7 0-1

[Event "Late-Titled-Tuesday-Blitz-October-03-2023"]
[Site "Chess.com"]
[Date "2023.10.03"]
[Round "4"]
[White "dedpihto_v_kozhanom_palto"]
[Black "Mykola-Bortnyk"]
[Result "0-1"]
[WhiteElo "2710"]
[BlackElo "2951"]
[TimeControl "180+1"]
[EndTime "14:38:47 PDT"]
[Termination "Mykola-Bortnyk won on time"]

1. c4 f5 2. Nc3 Nf6 3. d4 e6 4. Nf3 b6 5. g3 Bb7 6. Bg2 Bb4 7. Qc2 O-O 8. O-O a5 9. a3 Bxc3 10. Qxc3 Ne4 11. Qc2 Ra7 12. Rd1 d6 13. b3 Nd7 14.
Bb2 Qa8 15. Rac1 Ndf6 16. d5 e5 17. Nd2 Nxd2 18. Qxd2 Qe8 19. e3 Bc8 20. f4 Nd7 21.
Rf1 e4 22. Qd4 Qe7 23. g4 Nc5 24. g5 Nxb3 25. Qc3 Nxc1 26. Rxc1 Bd7 27. h4 Be8 28. Kf2 Bh5 29. Bf1 Rc8 30. Be2 Bxe2 31. Kxe2 Qf7 32.
Kf2 c6 33. dxc6 Qh5 34. Qd4 Qxh4+ 35. Kg2 Qg4+ 36. Kf2 Qf3+ 37. Ke1 Kh8 38. Kd2 Qf2+ 39. Kc3 Rxc6 40. Rh1 Rac7 41. Kb3 Rxc4 42. Qd5 a4+ 43. Ka2 Rc2 0-1

[Event "Late-Titled-Tuesday-Blitz-October-03-2023"]
[Site "Chess.com"]
[Date "2023.10.03"]
[Round "4"]
[White "rasmussvane"]
[Black "Lennis93"]
[Result "1-0"]
[WhiteElo "2992"]
[BlackElo "2711"]
[TimeControl "180+1"]
[EndTime "14:38:47 PDT"]
[Termination "rasmussvane won by resignation"]

1. Nf3 d5 2. g3 Nf6 3. Bg2 h6 4. O-O Bf5 5. c4 e6 6. Qb3 Nc6 7. d3 Rb8 8. cxd5 exd5 9. Nc3 Be6 10. Qa4 Qd7 11. Bf4 Bb4 12. Nb5 O-O 13. Bxc7 a6 14.
Bxb8 axb5 15. Qxb5 Rxb8 16. Rfc1 Bd6 17. a4 Bh3 18. a5 Bxg2 19. Kxg2 Nb4 20. Qxd7 Nxd7 21. Ra4 Na6 22. d4 Nf6 23. Ne1 Nb4 24. Rc3 Ne4 25. Rb3 Nc6 26. Rb5 Nf6 27. Nd3 Kf8 28. Nc5 Nd8 29. a6 bxa6 30. Rxb8 Bxb8 31. Rxa6 Ke7 32. b4 Ne6 33. e3 Nxc5 34. dxc5 Ne4 35. f3 Nc3 36. b5 Be5 37. Ra7+ Ke8 38. b6 d4 39.
exd4 Bxd4 40. b7 Be5 41. c6 Nd5 42. Ra5 Ne3+ 43. Kf2 Bc7 44. Ra8+ Bd8 45. Kxe3 1-0

[Event "Late-Titled-Tuesday-Blitz-October-03-2023"]
[Site "Chess.com"]
[Date "2023.10.03"]
[Round "4"]
[White "Joshukid"]
[Black "Mops_2004"]
[Result "1-0"]
[WhiteElo "2570"]
[BlackElo "2801"]
[TimeControl "180+1"]
[EndTime "14:38:48 PDT"]
[Termination "Joshukid won by resignation"]

1. c4 g6 2. Nf3 Bg7 3. g3 Nf6 4. b3 Ne4 5. d4 c5 6. Bb2 Nc6 7.
Bg2 Qa5+ 8. Nbd2 Nxd2 9. Qxd2 Qxd2+ 10. Kxd2 cxd4 11. a3 e5 12. Ng5 Bh6 13. f4 exf4 14. gxf4 f6 15. Nh3 d6 16. Rhf1 Bf5 17. Ng1 O-O 18.
Bd5+ Kg7 19. Bxc6 bxc6 20. Bxd4 a5 21. e3 Rfb8 22. b4 Kf7 23. Ne2 axb4 24. axb4 Rxa1 25. Rxa1 Rxb4 26. Ra7+ Ke6 27. Rxh7 Bf8 28. Bc3 Rxc4 29. Nd4+ Kd5 30. Nxf5 gxf5 31. Rf7 Bh6 32. Rh7 Bf8 33.
Rf7 Bh6 34. Rh7 Bxf4 35. exf4 Rxf4 36. h4 Kc4 37. Bxf6 d5 38. h5 d4 39. h6 Rf2+ 40. Ke1 Rh2 41. Rd7 c5 42. h7 Kd3 43. h8=Q Rxh8 44.
Bxh8 f4 45. Bxd4 cxd4 46. Kf2 Kc3 47. Kf3 d3 48. Kxf4 d2 49. Ke3 1-0

[Event "Late-Titled-Tuesday-Blitz-October-03-2023"]
[Site "Chess.com"]
[Date "2023.10.03"]
[Round "4"]
[White "Zhigalko_Sergei"]
[Black "Njal28"]
[Result "1-0"]
[WhiteElo "2946"]
[BlackElo "3089"]
[TimeControl "180+1"]
[EndTime "14:38:49 PDT"]
[Termination "Zhigalko_Sergei won on time"]

1. e4 e5 2. Nf3 Nc6 3. Bc4 Bc5 4. O-O d6 5. d3 Nf6 6. Nbd2 a6 7. c3 Ba7 8. Bb3 Qe7 9. Re1 g5 10. Nc4 g4 11. Nfd2 h5 12. Nf1 Rg8 13. Be3 h4 14.
Bxa7 Rxa7 15. Nce3 Rg5 16. Qd2 Rh5 17. Rad1 Ra8 18.
Nd5 Nxd5 19. Bxd5 Bd7 20. d4 Kf8 21. Ne3 Re8 22. a3 Qf6 23. b4 Kg7 24. a4 g3 25.
fxg3 hxg3 26. Rf1 Qh6 27. Rxf7+ Kh8 28. hxg3 exd4 29. cxd4 Be6 30. Bxe6 Rxe6 31. Nf5 Rh1+ 32. Kf2 Qxd2+ 33. Rxd2 Rxe4 34. b5 axb5 35. axb5 Nb4 36. Rxc7 Ree1 37. g4 Rhf1+ 38. Kg3 Nd5 39. Rxb7 Nf6 40.
Nxd6 Re6 41. Nf7+ Kg8 42. Ng5 Rd6 43. Rc2 Rd8 44. Rcc7 1-0